Workbook
Name AreaTeste: #REF!
Name AreaTeste2: #REF!
Name CélulaInicioPlanilha: #REF!
Name CélulaResumo: #REF!
Name Excel_BuiltIn_Database: #REF!
Name Excel_BuiltIn_Database_2: #REF!

Sheet Planilha
C4: PLANILHA ORÇAMENTÁRIA
E6: OBRA: CONSTRUÇÃO DE CRECHE MUNICIPAL MANOEL GOMES DOS SANTOS GASTÃO
E7: Rua Gilia N°158 x Rua Albertina, Jd Anchieta - Ferraz de Vasconcelos - SP | F7: Data base:
B9: Referência | C9: Referência | D9: Item | E9: Descrição | F9: Unid | G9: Quantidade | H9: Preço Unit | I9: Total
E10: 1 - SERVIÇOS PRELIMINARES
C11: EDIF | D11: 17030002 | E11: =VLOOKUP(D11,[1]EDIF!$A$2:$D$2826,2,0) -> PLACA DE OBRA EM CHAPA DE AÇO GALVANIZADO | F11: =VLOOKUP(D11,[1]EDIF!$A$2:$D$2826,3,0) -> M2 | G11: 6 | I11: =TRUNC(G11*H11,2) -> 0 | J11: =I11/$I$202 -> #DIV/0!
C12: EDIF | D12: 20003061 | E12: =VLOOKUP(D12,[1]EDIF!$A$2:$D$2826,2,0) -> PROJETO EXECUTIVO (PRANCHA A1) | F12: =VLOOKUP(D12,[1]EDIF!$A$2:$D$2826,3,0) -> UN | G12: 6 | I12: =TRUNC(G12*H12,2) -> 0 | J12: =I12/$I$202 -> #DIV/0!
C13: EDIF | D13: 20005033 | E13: =VLOOKUP(D13,[1]EDIF!$A$2:$D$2826,2,0) -> DESENVOLVIMENTO DE PROJETO TÉCNICO DE PREVENÇÃO E COMBATE A INCÊNDIO E APROVAÇÃO JUNTO AO CORPO DE BOMBEIROS PARA EDIFICAÇÕES ATÉ 2000 M2 | F13: =VLOOKUP(D13,[1]EDIF!$A$2:$D$2826,3,0) -> GL | G13: 1 | I13: =TRUNC(G13*H13,2) -> 0 | J13: =I13/$I$202 -> #DIV/0!
C14: EDIF | D14: 17090003 | E14: =VLOOKUP(D14,[1]EDIF!$A$2:$D$2826,2,0) -> LOCAÇÃO DE CONTAINER 2,30 X 6,00 M, ALT. 2,50 M, PARA ESCRITÓRIO, COM 1 SANITÁRIO, COMPLETO, SEM DIVISÓRIAS INTERNAS | F14: =VLOOKUP(D14,[1]EDIF!$A$2:$D$2826,3,0) -> UNXMÊS | G14: 12 | I14: =TRUNC(G14*H14,2) -> 0 | J14: =I14/$I$202 -> #DIV/0!
C15: SIEC | D15: 02.01.03.220.01 | E15: =VLOOKUP(D15,[1]SIEC!$A$1:$F$4885,2,0) -> Ligação provisória de energia elétrica - instalação mínima | F15: =VLOOKUP(D15,[1]SIEC!$A$1:$F$4885,3,0) -> un | G15: 1 | I15: =TRUNC(G15*H15,2) -> 0 | J15: =I15/$I$202 -> #DIV/0!
C16: SIEC | D16: 02.01.03.210.01 | E16: =VLOOKUP(D16,[1]SIEC!$A$1:$F$4885,2,0) -> Ligação provisória de água e instalação sanitária provisória - instalação mínima | F16: =VLOOKUP(D16,[1]SIEC!$A$1:$F$4885,3,0) -> un | G16: 1 | I16: =TRUNC(G16*H16,2) -> 0 | J16: =I16/$I$202 -> #DIV/0!
C17: CDHU | D17: 01.21.010 | E17: =VLOOKUP($D17,[1]CDHU!$A$1:$G$5122,2,0) -> Taxa de mobilização e desmobilização de equipamentos para execução de sondagem | F17: =VLOOKUP($D17,[1]CDHU!$A$1:$G$5122,3,0) -> TX | G17: 1 | I17: =TRUNC(G17*H17,2) -> 0 | J17: =I17/$I$202 -> #DIV/0!
C18: CDHU | D18: 01.21.110 | E18: =VLOOKUP($D18,[1]CDHU!$A$1:$G$5122,2,0) -> Sondagem do terreno à percussão (mínimo de 30 m) | F18: =VLOOKUP($D18,[1]CDHU!$A$1:$G$5122,3,0) -> M | G18: 150 | I18: =TRUNC(G18*H18,2) -> 0 | J18: =I18/$I$202 -> #DIV/0!
C19: CDHU | D19: 02.10.020 | E19: =VLOOKUP($D19,[1]CDHU!$A$1:$G$5122,2,0) -> Locação de obra de edificação | F19: =VLOOKUP($D19,[1]CDHU!$A$1:$G$5122,3,0) -> M2 | G19: 640 | I19: =TRUNC(G19*H19,2) -> 0 | J19: =I19/$I$202 -> #DIV/0!
C20: EDIF | D20: 1005001 | E20: =VLOOKUP(D20,[1]EDIF!$A$2:$D$2826,2,0) -> TAPUME CHAPA COMPENSADA 6MM | F20: =VLOOKUP(D20,[1]EDIF!$A$2:$D$2826,3,0) -> M2 | G20: 166.54 | I20: =TRUNC(G20*H20,2) -> 0 | J20: =I20/$I$202 -> #DIV/0!
I21: =SUM(I11:I20) -> 0
E22: 2 - LIMPEZA DE TERRENO
C23: EDIF | D23: 4050001 | E23: =VLOOKUP(D23,[1]EDIF!$A$2:$D$2826,2,0) -> DEMOLIÇÃO DE ALVENARIA ESTRUTURAL DE BLOCOS VAZADOS DE CONCRETO | F23: =VLOOKUP(D23,[1]EDIF!$A$2:$D$2826,3,0) -> M3 | G23: 37.69 | I23: =TRUNC(G23*H23,2) -> 0 | J23: =I23/$I$202 -> #DIV/0!
C24: EDIF | D24: 2050003 | E24: =VLOOKUP(D24,[1]EDIF!$A$2:$D$2826,2,0) -> DEMOLIÇÃO MANUAL DE CONCRETO SIMPLES | F24: =VLOOKUP(D24,[1]EDIF!$A$2:$D$2826,3,0) -> M3 | G24: 21.2058 | I24: =TRUNC(G24*H24,2) -> 0 | J24: =I24/$I$202 -> #DIV/0!
C25: EDIF | D25: 1001001 | E25: =VLOOKUP(D25,[1]EDIF!$A$2:$D$2826,2,0) -> LIMPEZA MECANIZADA GERAL, INCLUSIVE REMOÇÃO DA COBERTURA VEGETAL - TRONCOS COM DIÂMETRO ATÉ 10CM - SEM TRANSPORTE | F25: =VLOOKUP(D25,[1]EDIF!$A$2:$D$2826,3,0) -> M2 | G25: 634 | I25: =TRUNC(G25*H25,2) -> 0 | J25: =I25/$I$202 -> #DIV/0!
C26: EDIF | D26: 1001002 | E26: =VLOOKUP(D26,[1]EDIF!$A$2:$D$2826,2,0) -> DESTOCAMENTO, INCLUSIVE REMOÇÃO DAS RAÍZES - DIÂMETROS DE 10,01 À 30CM | F26: =VLOOKUP(D26,[1]EDIF!$A$2:$D$2826,3,0) -> UN | G26: 8 | I26: =TRUNC(G26*H26,2) -> 0 | J26: =I26/$I$202 -> #DIV/0!
C27: EDIF | D27: 1001005 | E27: =VLOOKUP(D27,[1]EDIF!$A$2:$D$2826,2,0) -> CARGA MECANIZADA E REMOÇÃO DE ENTULHO, INCLUSIVE TRANSPORTE ATÉ 1KM | F27: =VLOOKUP(D27,[1]EDIF!$A$2:$D$2826,3,0) -> M3 | G27: 154 | I27: =TRUNC(G27*H27,2) -> 0 | J27: =I27/$I$202 -> #DIV/0!
C28: EDIF | D28: 1001010 | E28: =VLOOKUP(D28,[1]EDIF!$A$2:$D$2826,2,0) -> TRANSPORTE DE ENTULHO POR CAMINHÃO BASCULANTE, A PARTIR DE 1KM | F28: =VLOOKUP(D28,[1]EDIF!$A$2:$D$2826,3,0) -> M3XKM | G28: 2156 | I28: =TRUNC(G28*H28,2) -> 0 | J28: =I28/$I$202 -> #DIV/0!
C29: CDHU | D29: 05.09.006 | E29: =VLOOKUP($D29,[1]CDHU!$A$1:$G$5122,2,0) -> Taxa de destinação de resíduo sólido em aterro, tipo inerte | F29: =VLOOKUP($D29,[1]CDHU!$A$1:$G$5122,3,0) -> T | G29: 246.4 | I29: =TRUNC(G29*H29,2) -> 0 | J29: =I29/$I$202 -> #DIV/0!
I30: =SUM(I23:I29) -> 0
E31: 3 - MOVIMENTAÇÃO DE TERRA
C32: EDIF | D32: 1003005 | E32: =VLOOKUP(D32,[1]EDIF!$A$2:$D$2826,2,0) -> FORNECIMENTO DE TERRA, INCLUSIVE CORTE, CARGA, DESCARGA E TRANSPORTE ATÉ 1KM | F32: =VLOOKUP(D32,[1]EDIF!$A$2:$D$2826,3,0) -> M3 | G32: 317 | I32: =TRUNC(G32*H32,2) -> 0 | J32: =I32/$I$202 -> #DIV/0!
C33: EDIF | D33: 1003010 | E33: =VLOOKUP(D33,[1]EDIF!$A$2:$D$2826,2,0) -> TRANSPORTE DE TERRA POR CAMINHÃO BASCULANTE, A PARTIR DE 1KM | F33: =VLOOKUP(D33,[1]EDIF!$A$2:$D$2826,3,0) -> M3XKM | G33: 4438 | I33: =TRUNC(G33*H33,2) -> 0 | J33: =I33/$I$202 -> #DIV/0!
C34: EDIF | D34: 1002005 | E34: =VLOOKUP(D34,[1]EDIF!$A$2:$D$2826,2,0) -> ATERRO, INCLUSIVE COMPACTAÇÃO MANUAL | F34: =VLOOKUP(D34,[1]EDIF!$A$2:$D$2826,3,0) -> M3 | G34: 317 | I34: =TRUNC(G34*H34,2) -> 0 | J34: =I34/$I$202 -> #DIV/0!
I35: =SUM(I32:I34) -> 0
E36: 4 - ESTRUTURAS
C37: EDIF | D37: 17001070 | E37: =VLOOKUP(D37,[1]EDIF!$A$2:$D$2826,2,0) -> MURO DE ARRIMO H=1,40M, COM DRENAGEM | F37: =VLOOKUP(D37,[1]EDIF!$A$2:$D$2826,3,0) -> M | G37: 37.9 | I37: =TRUNC(G37*H37,2) -> 0 | J37: =I37/$I$202 -> #DIV/0!
C38: EDIF | D38: 2002001 | E38: =VLOOKUP(D38,[1]EDIF!$A$2:$D$2826,2,0) -> ESCAVAÇÃO MANUAL COM PROFUNDIDADE IGUAL OU INFERIOR A 1,50M | F38: =VLOOKUP(D38,[1]EDIF!$A$2:$D$2826,3,0) -> M3 | G38: 22.514 | I38: =TRUNC(G38*H38,2) -> 0 | J38: =I38/$I$202 -> #DIV/0!
C39: EDIF | D39: 2002010 | E39: =VLOOKUP(D39,[1]EDIF!$A$2:$D$2826,2,0) -> APILOAMENTO DO FUNDO DE VALAS, PARA SIMPLES REGULARIZAÇÃO | F39: =VLOOKUP(D39,[1]EDIF!$A$2:$D$2826,3,0) -> M2 | G39: 98 | I39: =TRUNC(G39*H39,2) -> 0 | J39: =I39/$I$202 -> #DIV/0!
C40: EDIF | D40: 2006010 | E40: =VLOOKUP(D40,[1]EDIF!$A$2:$D$2826,2,0) -> REATERRO DE VALAS, INCLUSIVE APILOAMENTO | F40: =VLOOKUP(D40,[1]EDIF!$A$2:$D$2826,3,0) -> M3 | G40: 22.51 | I40: =TRUNC(G40*H40,2) -> 0 | J40: =I40/$I$202 -> #DIV/0!
C41: EDIF | D41: 2001003 | E41: =VLOOKUP(D41,[1]EDIF!$A$2:$D$2826,2,0) -> BROCA DE CONCRETO - DIÂMETRO DE 30CM | F41: =VLOOKUP(D41,[1]EDIF!$A$2:$D$2826,3,0) -> M | G41: 530 | I41: =TRUNC(G41*H41,2) -> 0 | J41: =I41/$I$202 -> #DIV/0!
C42: EDIF | D42: 2004004 | E42: =VLOOKUP(D42,[1]EDIF!$A$2:$D$2826,2,0) -> ARMADURA EM AÇO CA-50 | F42: =VLOOKUP(D42,[1]EDIF!$A$2:$D$2826,3,0) -> KG | G42: 7202 | I42: =TRUNC(G42*H42,2) -> 0 | J42: =I42/$I$202 -> #DIV/0!
C43: EDIF | D43: 2004007 | E43: =VLOOKUP(D43,[1]EDIF!$A$2:$D$2826,2,0) -> ARMADURA EM AÇO CA-60 | F43: =VLOOKUP(D43,[1]EDIF!$A$2:$D$2826,3,0) -> KG | G43: 1800.5 | I43: =TRUNC(G43*H43,2) -> 0 | J43: =I43/$I$202 -> #DIV/0!
C44: EDIF | D44: 2003001 | E44: =VLOOKUP(D44,[1]EDIF!$A$2:$D$2826,2,0) -> FORMA COMUM DE TÁBUAS DE PINUS | F44: =VLOOKUP(D44,[1]EDIF!$A$2:$D$2826,3,0) -> M2 | G44: 720.2 | I44: =TRUNC(G44*H44,2) -> 0 | J44: =I44/$I$202 -> #DIV/0!
C45: EDIF | D45: 2005010 | E45: =VLOOKUP(D45,[1]EDIF!$A$2:$D$2826,2,0) -> CONCRETO FCK=25MPA - USINADO | F45: =VLOOKUP(D45,[1]EDIF!$A$2:$D$2826,3,0) -> M3 | G45: 90.025 | I45: =TRUNC(G45*H45,2) -> 0 | J45: =I45/$I$202 -> #DIV/0!
C46: EDIF | D46: 3003030 | E46: =VLOOKUP(D46,[1]EDIF!$A$2:$D$2826,2,0) -> BOMBEAMENTO DE CONCRETO | F46: =VLOOKUP(D46,[1]EDIF!$A$2:$D$2826,3,0) -> M3 | G46: 90.025 | I46: =TRUNC(G46*H46,2) -> 0 | J46: =I46/$I$202 -> #DIV/0!
C47: EDIF | D47: 2006002 | E47: =VLOOKUP(D47,[1]EDIF!$A$2:$D$2826,2,0) -> ALVENARIA DE EMBASAMENTO - BLOCOS VAZADO DE CONCRETO ESTRUTURAL - 14CM - 10MPA | F47: =VLOOKUP(D47,[1]EDIF!$A$2:$D$2826,3,0) -> M2 | G47: 135.08 | I47: =TRUNC(G47*H47,2) -> 0 | J47: =I47/$I$202 -> #DIV/0!
C48: EDIF | D48: 3004021 | E48: =VLOOKUP(D48,[1]EDIF!$A$2:$D$2826,2,0) -> LAJE MISTA TRELIÇADA H-12CM COM CAPEAMENTO 4CM (16CM) | F48: =VLOOKUP(D48,[1]EDIF!$A$2:$D$2826,3,0) -> M2 | G48: 411.66 | I48: =TRUNC(G48*H48,2) -> 0 | J48: =I48/$I$202 -> #DIV/0!
C49: EDIF | D49: 5003012 | E49: =VLOOKUP(D49,[1]EDIF!$A$2:$D$2826,2,0) -> BD.12 - IMPERMEABILIZAÇÃO A BASE DE EMULSÃO ASFÁLTICA - ESTRUTURADA COM TECIDO POLIÉSTER - 2 CAMADAS DE ESTRUTURANTE | F49: =VLOOKUP(D49,[1]EDIF!$A$2:$D$2826,3,0) -> M2 | G49: 411.66 | I49: =TRUNC(G49*H49,2) -> 0 | J49: =I49/$I$202 -> #DIV/0!
I50: =SUM(I37:I49) -> 0
E51: 5 - INSTALAÇÕES HIDROSSANITÁRIAS
C52: CDHU | D52: 48.03.138 | E52: =VLOOKUP($D52,[1]CDHU!$A$1:$G$5122,2,0) -> Reservatório metálico cilíndrico horizontal - capacidade de 10.000 litros | F52: =VLOOKUP($D52,[1]CDHU!$A$1:$G$5122,3,0) -> CJ | G52: 1 | I52: =TRUNC(G52*H52,2) -> 0 | J52: =I52/$I$202 -> #DIV/0!
C53: EDIF | D53: 9012051 | E53: =VLOOKUP(D53,[1]EDIF!$A$2:$D$2826,2,0) -> QUADRO COMANDO PARA CONJUNTO MOTOR-BOMBA, TRIFÁSICO - ATÉ 5HP | F53: =VLOOKUP(D53,[1]EDIF!$A$2:$D$2826,3,0) -> UN | G53: 1 | I53: =TRUNC(G53*H53,2) -> 0 | J53: =I53/$I$202 -> #DIV/0!
C54: EDIF | D54: 10003007 | E54: =VLOOKUP(D54,[1]EDIF!$A$2:$D$2826,2,0) -> CONJUNTO MOTOR-BOMBA - ATÉ 3HP | F54: =VLOOKUP(D54,[1]EDIF!$A$2:$D$2826,3,0) -> UN | G54: 2 | I54: =TRUNC(G54*H54,2) -> 0 | J54: =I54/$I$202 -> #DIV/0!
C55: EDIF | D55: 10001004 | E55: =VLOOKUP(D55,[1]EDIF!$A$2:$D$2826,2,0) -> HD.04 - CAVALETE DE ENTRADA - 1 1/2" | F55: =VLOOKUP(D55,[1]EDIF!$A$2:$D$2826,3,0) -> UN | G55: 1 | I55: =TRUNC(G55*H55,2) -> 0 | J55: =I55/$I$202 -> #DIV/0!
C56: EDIF | D56: 10001020 | E56: =VLOOKUP(D56,[1]EDIF!$A$2:$D$2826,2,0) -> HV.10 - ABRIGO PARA CAVALETE ENTRADA, D=1 1/4", D=1 1/2"OU 2" EM ALVENARIA REVESTIDA | F56: =VLOOKUP(D56,[1]EDIF!$A$2:$D$2826,3,0) -> UN | G56: 1 | I56: =TRUNC(G56*H56,2) -> 0 | J56: =I56/$I$202 -> #DIV/0!
C57: EDIF | D57: 10002018 | E57: =VLOOKUP(D57,[1]EDIF!$A$2:$D$2826,2,0) -> HD.21 - RESERVATÓRIO DE POLIETILENO 500 LITROS | F57: =VLOOKUP(D57,[1]EDIF!$A$2:$D$2826,3,0) -> UN | G57: 2 | I57: =TRUNC(G57*H57,2) -> 0 | J57: =I57/$I$202 -> #DIV/0!
C58: EDIF | D58: 10002081 | E58: =VLOOKUP(D58,[1]EDIF!$A$2:$D$2826,2,0) -> REGISTRO DE GAVETA, METAL AMARELO - 3/4" | F58: =VLOOKUP(D58,[1]EDIF!$A$2:$D$2826,3,0) -> UN | G58: 14 | I58: =TRUNC(G58*H58,2) -> 0 | J58: =I58/$I$202 -> #DIV/0!
C59: EDIF | D59: 10002084 | E59: =VLOOKUP(D59,[1]EDIF!$A$2:$D$2826,2,0) -> REGISTRO DE GAVETA, METAL AMARELO - 1 1/2" | F59: =VLOOKUP(D59,[1]EDIF!$A$2:$D$2826,3,0) -> UN | G59: 4 | I59: =TRUNC(G59*H59,2) -> 0 | J59: =I59/$I$202 -> #DIV/0!
C60: EDIF | D60: 10002085 | E60: =VLOOKUP(D60,[1]EDIF!$A$2:$D$2826,2,0) -> REGISTRO DE GAVETA, METAL AMARELO - 2" | F60: =VLOOKUP(D60,[1]EDIF!$A$2:$D$2826,3,0) -> UN | G60: 2 | I60: =TRUNC(G60*H60,2) -> 0 | J60: =I60/$I$202 -> #DIV/0!
C61: EDIF | D61: 10004065 | E61: =VLOOKUP(D61,[1]EDIF!$A$2:$D$2826,2,0) -> TUBO DE PVC RÍGIDO, SOLDÁVEL (LINHA ÁGUA) - 50MM (1 1/2") | F61: =VLOOKUP(D61,[1]EDIF!$A$2:$D$2826,3,0) -> M | G61: 42 | I61: =TRUNC(G61*H61,2) -> 0 | J61: =I61/$I$202 -> #DIV/0!
C62: EDIF | D62: 10004066 | E62: =VLOOKUP(D62,[1]EDIF!$A$2:$D$2826,2,0) -> TUBO DE PVC RÍGIDO, SOLDÁVEL (LINHA ÁGUA) - 60MM (2") | F62: =VLOOKUP(D62,[1]EDIF!$A$2:$D$2826,3,0) -> M | G62: 28 | I62: =TRUNC(G62*H62,2) -> 0 | J62: =I62/$I$202 -> #DIV/0!
C63: EDIF | D63: 10004062 | E63: =VLOOKUP(D63,[1]EDIF!$A$2:$D$2826,2,0) -> TUBO DE PVC RÍGIDO, SOLDÁVEL (LINHA ÁGUA) - 25MM (3/4") | F63: =VLOOKUP(D63,[1]EDIF!$A$2:$D$2826,3,0) -> M | G63: 82 | I63: =TRUNC(G63*H63,2) -> 0 | J63: =I63/$I$202 -> #DIV/0!
C64: EDIF | D64: 10009031 | E64: =VLOOKUP(D64,[1]EDIF!$A$2:$D$2826,2,0) -> TUBO DE PVC RÍGIDO, PONTA E BOLSA (LINHA ESGOTO) - 50MM (2") | F64: =VLOOKUP(D64,[1]EDIF!$A$2:$D$2826,3,0) -> M | G64: 48 | I64: =TRUNC(G64*H64,2) -> 0 | J64: =I64/$I$202 -> #DIV/0!
... C88: EDIF | D88: 10014066 | E88: =VLOOKUP(D88,[1]EDIF!$A$2:$D$2826,2,0) -> DISPENSER PAPEL TOALHA, DE PAREDE, MANUAL, PARA SANITÁRIOS - ABS - ALTO IMPACTO - AUTO CORTE | F88: =VLOOKUP(D88,[1]EDIF!$A$2:$D$2826,3,0) -> UN | G88: 8 | I88: =TRUNC(G88*H88,2) -> 0 | J88: =I88/$I$202 -> #DIV/0!
I89: =SUM(I52:I88) -> 0
E90: 6 - ABRIGO DE GÁS E ABRIGO DE LIXO
C91: CDHU | D91: 45.02.040 | E91: =VLOOKUP($D91,[1]CDHU!$A$1:$G$5122,2,0) -> Entrada completa de gás GLP com 2 cilindros de 45 kg | F91: =VLOOKUP($D91,[1]CDHU!$A$1:$G$5122,3,0) -> UN | G91: 1 | I91: =TRUNC(G91*H91,2) -> 0 | J91: =I91/$I$202 -> #DIV/0!
B92: edif | C92: EDIF | D92: 17003083 | E92: =VLOOKUP(D92,[1]EDIF!$A$2:$D$2826,2,0) -> HV.20 - ABRIGO PARA LIXO EM ALVENARIA - REVESTIMENTO EXTERNO COM ARGAMASSA E INTERNO COM AZULEJOS | F92: =VLOOKUP(D92,[1]EDIF!$A$2:$D$2826,3,0) -> UN | G92: 1 | I92: =TRUNC(G92*H92,2) -> 0 | J92: =I92/$I$202 -> #DIV/0!
B93: INFRA | C93: EDIF | D93: 10007011 | E93: =VLOOKUP(D93,[1]EDIF!$A$2:$D$2826,2,0) -> TUBO PRETO DE AÇO-CARBONO, CLASSE SCH-40 - 3/4" | F93: =VLOOKUP(D93,[1]EDIF!$A$2:$D$2826,3,0) -> M | G93: 25 | I93: =TRUNC(G93*H93,2) -> 0 | J93: =I93/$I$202 -> #DIV/0!
B94: SINAPI | C94: EDIF | D94: 10003044 | E94: =VLOOKUP(D94,[1]EDIF!$A$2:$D$2826,2,0) -> TUBO DE AÇO-CARBONO GALVANIZADO, CL.MÉDIA (DIN2440) - 1 1/2" (SUCÇÃO) | F94: =VLOOKUP(D94,[1]EDIF!$A$2:$D$2826,3,0) -> M | G94: 4 | I94: =TRUNC(G94*H94,2) -> 0 | J94: =I94/$I$202 -> #DIV/0!
I95: =SUM(I91:I94) -> 0
B96: FDE | E96: 7 - PROTEÇÃO CONTRA INCÊNDIO
B97: CDHU | C97: EDIF | D97: 10008080 | E97: =VLOOKUP(D97,[1]EDIF!$A$2:$D$2826,2,0) -> EXTINTOR DE INCÊNDIO COM CARGA DE GÁS CARBÔNICO (CO2) - 4KG | F97: =VLOOKUP(D97,[1]EDIF!$A$2:$D$2826,3,0) -> UN | G97: 2 | I97: =TRUNC(G97*H97,2) -> 0 | J97: =I97/$I$202 -> #DIV/0!
B98: SIEC | C98: EDIF | D98: 10008085 | E98: =VLOOKUP(D98,[1]EDIF!$A$2:$D$2826,2,0) -> EXTINTOR DE INCÊNDIO COM CARGA DE ÁGUA PRESSURIZADA - 10L | F98: =VLOOKUP(D98,[1]EDIF!$A$2:$D$2826,3,0) -> UN | G98: 2 | I98: =TRUNC(G98*H98,2) -> 0 | J98: =I98/$I$202 -> #DIV/0!
B99: DER | C99: EDIF | D99: 10008090 | E99: =VLOOKUP(D99,[1]EDIF!$A$2:$D$2826,2,0) -> EXTINTOR DE INCÊNDIO COM CARGA DE PÓ QUÍMICO SECO - 4KG | F99: =VLOOKUP(D99,[1]EDIF!$A$2:$D$2826,3,0) -> UN | G99: 2 | I99: =TRUNC(G99*H99,2) -> 0 | J99: =I99/$I$202 -> #DIV/0!
I100: =SUM(I97:I99) -> 0
B101: SICRO | E101: 8 - INSTALAÇÕES ELÉTRICAS
C102: EDIF | D102: 9001057 | E102: =VLOOKUP(D102,[1]EDIF!$A$2:$D$2826,2,0) -> LD.07 - ENTRADA AÉREA DE ENERGIA E TELEFONE - 31 À 39KVA | F102: =VLOOKUP(D102,[1]EDIF!$A$2:$D$2826,3,0) -> UN | G102: 1 | I102: =TRUNC(G102*H102,2) -> 0 | J102: =I102/$I$202 -> #DIV/0!
C103: EDIF | D103: 9002001 | E103: =VLOOKUP(D103,[1]EDIF!$A$2:$D$2826,2,0) -> ELETRODUTO DE PVC RÍGIDO, ROSCÁVEL - 20MM (1/2") | F103: =VLOOKUP(D103,[1]EDIF!$A$2:$D$2826,3,0) -> M | G103: 10 | I103: =TRUNC(G103*H103,2) -> 0 | J103: =I103/$I$202 -> #DIV/0!
C104: EDIF | D104: 9003009 | E104: =VLOOKUP(D104,[1]EDIF!$A$2:$D$2826,2,0) -> CABO 16,00MM2 - ISOLAMENTO PARA 0,7KV - CLASSE 4 - FLEXÍVEL | F104: =VLOOKUP(D104,[1]EDIF!$A$2:$D$2826,3,0) -> M | G104: 30 | I104: =TRUNC(G104*H104,2) -> 0 | J104: =I104/$I$202 -> #DIV/0!
C105: EDIF | D105: 9003010 | E105: =VLOOKUP(D105,[1]EDIF!$A$2:$D$2826,2,0) -> CABO 25,00MM2 - ISOLAMENTO PARA 0,7KV - CLASSE 4 - FLEXÍVEL | F105: =VLOOKUP(D105,[1]EDIF!$A$2:$D$2826,3,0) -> M | G105: 90 | I105: =TRUNC(G105*H105,2) -> 0 | J105: =I105/$I$202 -> #DIV/0!
C106: EDIF | D106: 9005012 | E106: =VLOOKUP(D106,[1]EDIF!$A$2:$D$2826,2,0) -> QUADRO DE DISTRIBUIÇÃO EM CHAPA METÁLICA - PARA ATÉ 28 DISJUNTORES | F106: =VLOOKUP(D106,[1]EDIF!$A$2:$D$2826,3,0) -> UN | G106: 1 | I106: =TRUNC(G106*H106,2) -> 0 | J106: =I106/$I$202 -> #DIV/0!
C107: EDIF | D107: 9008010 | E107: =VLOOKUP(D107,[1]EDIF!$A$2:$D$2826,2,0) -> MINI DISJUNTOR - TIPO EUROPEU (IEC) - UNIPOLAR 6/25A | F107: =VLOOKUP(D107,[1]EDIF!$A$2:$D$2826,3,0) -> UN | G107: 16 | I107: =TRUNC(G107*H107,2) -> 0 | J107: =I107/$I$202 -> #DIV/0!
C108: EDIF | D108: 9008012 | E108: =VLOOKUP(D108,[1]EDIF!$A$2:$D$2826,2,0) -> MINI DISJUNTOR - TIPO EUROPEU (IEC) - BIPOLAR 6/25A | F108: =VLOOKUP(D108,[1]EDIF!$A$2:$D$2826,3,0) -> UN | G108: 8 | I108: =TRUNC(G108*H108,2) -> 0 | J108: =I108/$I$202 -> #DIV/0!
C109: EDIF | D109: 9008013 | E109: =VLOOKUP(D109,[1]EDIF!$A$2:$D$2826,2,0) -> MINI DISJUNTOR - TIPO EUROPEU (IEC) - BIPOLAR 32/50A | F109: =VLOOKUP(D109,[1]EDIF!$A$2:$D$2826,3,0) -> UN | G109: 4 | I109: =TRUNC(G109*H109,2) -> 0 | J109: =I109/$I$202 -> #DIV/0!
C110: EDIF | D110: 9008016 | E110: =VLOOKUP(D110,[1]EDIF!$A$2:$D$2826,2,0) -> MINI DISJUNTOR - TIPO EUROPEU (IEC) - TRIPOLAR 63A | F110: =VLOOKUP(D110,[1]EDIF!$A$2:$D$2826,3,0) -> UN | G110: 2 | I110: =TRUNC(G110*H110,2) -> 0 | J110: =I110/$I$202 -> #DIV/0!
C111: EDIF | D111: 9003004 | E111: =VLOOKUP(D111,[1]EDIF!$A$2:$D$2826,2,0) -> CABO 1,50MM2 - ISOLAMENTO PARA 0,7KV - CLASSE 4 - FLEXÍVEL | F111: =VLOOKUP(D111,[1]EDIF!$A$2:$D$2826,3,0) -> M | G111: 600 | I111: =TRUNC(G111*H111,2) -> 0 | J111: =I111/$I$202 -> #DIV/0!
C112: EDIF | D112: 9003005 | E112: =VLOOKUP(D112,[1]EDIF!$A$2:$D$2826,2,0) -> CABO 2,50MM2 - ISOLAMENTO PARA 0,7KV - CLASSE 4 - FLEXÍVEL | F112: =VLOOKUP(D112,[1]EDIF!$A$2:$D$2826,3,0) -> M | G112: 2800 | I112: =TRUNC(G112*H112,2) -> 0 | J112: =I112/$I$202 -> #DIV/0!
C113: EDIF | D113: 9003007 | E113: =VLOOKUP(D113,[1]EDIF!$A$2:$D$2826,2,0) -> CABO 6,00MM2 - ISOLAMENTO PARA 0,7KV - CLASSE 4 - FLEXÍVEL | F113: =VLOOKUP(D113,[1]EDIF!$A$2:$D$2826,3,0) -> M | G113: 400 | I113: =TRUNC(G113*H113,2) -> 0 | J113: =I113/$I$202 -> #DIV/0!
... C120: EDIF | D120: 9009051 | E120: =VLOOKUP(D120,[1]EDIF!$A$2:$D$2826,2,0) -> LUMINÁRIA COMERCIAL DE SOBREPOR COM DIFUSOR TRANSPARENTE OU FOSCO PARA 2 LÂMPADAS TUBULARES DE LED 18/20W - COMPLETA | F120: =VLOOKUP(D120,[1]EDIF!$A$2:$D$2826,3,0) -> UN | G120: 32 | I120: =TRUNC(G120*H120,2) -> 0 | J120: =I120/$I$202 -> #DIV/0!
E121: 8.1 - SPDA
C122: EDIF | D122: 9011005 | E122: =VLOOKUP(D122,[1]EDIF!$A$2:$D$2826,2,0) -> PÁRA-RAIOS TIPO "FRANKLIN", EXCLUSIVE DESCIDA E ATERRAMENTO | F122: =VLOOKUP(D122,[1]EDIF!$A$2:$D$2826,3,0) -> UN | G122: 1 | I122: =TRUNC(G122*H122,2) -> 0 | J122: =I122/$I$202 -> #DIV/0!
C123: EDIF | D123: 9011014 | E123: =VLOOKUP(D123,[1]EDIF!$A$2:$D$2826,2,0) -> CAIXA DE INSPEÇÃO DE ATERRAMENTO TIPO EMBUTIR COM TAMPA E ALÇA | F123: =VLOOKUP(D123,[1]EDIF!$A$2:$D$2826,3,0) -> UN | G123: 4 | I123: =TRUNC(G123*H123,2) -> 0 | J123: =I123/$I$202 -> #DIV/0!
C124: EDIF | D124: 9011017 | E124: =VLOOKUP(D124,[1]EDIF!$A$2:$D$2826,2,0) -> LUZ DE OBSTÁCULO SIMPLES COM FOTOCELULA SOLAR | F124: =VLOOKUP(D124,[1]EDIF!$A$2:$D$2826,3,0) -> UN | G124: 1 | I124: =TRUNC(G124*H124,2) -> 0 | J124: =I124/$I$202 -> #DIV/0!
C125: EDIF | D125: 9011050 | E125: =VLOOKUP(D125,[1]EDIF!$A$2:$D$2826,2,0) -> HASTE DE AÇO GALVANIZADO, INCLUSIVE BASE E ESTAIS - 2"/3M | F125: =VLOOKUP(D125,[1]EDIF!$A$2:$D$2826,3,0) -> UN | G125: 3 | I125: =TRUNC(G125*H125,2) -> 0 | J125: =I125/$I$202 -> #DIV/0!
C126: EDIF | D126: 9011053 | E126: =VLOOKUP(D126,[1]EDIF!$A$2:$D$2826,2,0) -> CORDOALHA DE COBRE NÚ, INCLUSIVE ISOLADORES - 35,00MM2 | F126: =VLOOKUP(D126,[1]EDIF!$A$2:$D$2826,3,0) -> M | G126: 15 | I126: =TRUNC(G126*H126,2) -> 0 | J126: =I126/$I$202 -> #DIV/0!
C127: EDIF | D127: 9011054 | E127: =VLOOKUP(D127,[1]EDIF!$A$2:$D$2826,2,0) -> CORDOALHA DE COBRE NÚ, INCLUSIVE ISOLADORES - 50,00MM2 | F127: =VLOOKUP(D127,[1]EDIF!$A$2:$D$2826,3,0) -> M | G127: 20 | I127: =TRUNC(G127*H127,2) -> 0 | J127: =I127/$I$202 -> #DIV/0!
C128: EDIF | D128: 9011061 | E128: =VLOOKUP(D128,[1]EDIF!$A$2:$D$2826,2,0) -> TUBO DE PVC PARA PROTEÇÃO DE CORDOALHA - 2"X3M | F128: =VLOOKUP(D128,[1]EDIF!$A$2:$D$2826,3,0) -> UN | G128: 3 | I128: =TRUNC(G128*H128,2) -> 0 | J128: =I128/$I$202 -> #DIV/0!
C129: EDIF | D129: 9011094 | E129: =VLOOKUP(D129,[1]EDIF!$A$2:$D$2826,2,0) -> BARRA CHATA DE ALUMÍNIO TIPO FITA 1/4" X 3/4" | F129: =VLOOKUP(D129,[1]EDIF!$A$2:$D$2826,3,0) -> M | G129: 90 | I129: =TRUNC(G129*H129,2) -> 0 | J129: =I129/$I$202 -> #DIV/0!
E130: 8.2 - REDE LÓGICA
C131: EDIF | D131: 9090015 | E131: =VLOOKUP(D131,[1]EDIF!$A$2:$D$2826,2,0) -> PATCH PAINEL - 24 PORTAS - INSTALADO | F131: =VLOOKUP(D131,[1]EDIF!$A$2:$D$2826,3,0) -> UN | G131: 1 | I131: =TRUNC(G131*H131,2) -> 0 | J131: =I131/$I$202 -> #DIV/0!
C132: EDIF | D132: 9090017 | E132: =VLOOKUP(D132,[1]EDIF!$A$2:$D$2826,2,0) -> SWITCH - 24 PORTAS - INSTALADO | F132: =VLOOKUP(D132,[1]EDIF!$A$2:$D$2826,3,0) -> UN | G132: 1 | I132: =TRUNC(G132*H132,2) -> 0 | J132: =I132/$I$202 -> #DIV/0!
C133: EDIF | D133: 9090031 | E133: =VLOOKUP(D133,[1]EDIF!$A$2:$D$2826,2,0) -> PATCH CORD RJ45 - 1,5M | F133: =VLOOKUP(D133,[1]EDIF!$A$2:$D$2826,3,0) -> UN | G133: 30 | I133: =TRUNC(G133*H133,2) -> 0 | J133: =I133/$I$202 -> #DIV/0!
C134: EDIF | D134: 9090038 | E134: =VLOOKUP(D134,[1]EDIF!$A$2:$D$2826,2,0) -> CABO UTP - CATEGORIA 4 E 5 PARES | F134: =VLOOKUP(D134,[1]EDIF!$A$2:$D$2826,3,0) -> M | G134: 200 | I134: =TRUNC(G134*H134,2) -> 0 | J134: =I134/$I$202 -> #DIV/0!
...

Sheet Cronograma
B5: CRONOGRAMA FISICO-FINANCEIRO
B8: =Planilha!E6 -> OBRA: CONSTRUÇÃO DE CRECHE MUNICIPAL MANOEL GOMES DOS SANTOS GASTÃO
B10: Descrição | C10: MESES | V10: Valor do Item | W10: %
C11: 1 | D11: 2 | E11: 3 | F11: 4 | G11: 5 | H11: 6 | I11: 7 | J11: 8 | K11: 9 | L11: 10 | M11: 11 | N11: 12 | O11: 13 | P11: 14 | Q11: 15 | R11: 16 | S11: 17 | T11: 18 | U11: 19
B12: =Planilha!E10 -> 1 - SERVIÇOS PRELIMINARES | V12: =Planilha!I21 -> 0 | W12: =V12/$V$54 -> #DIV/0!
C14: =V12/2 -> 0 | D14: =C14 -> 0 | E14: =IF(E13="x", $V12/COUNTIF($C13:$U13,"x"), "") | F14: =IF(F13="x", $V12/COUNTIF($C13:$U13,"x"), "") | G14: =IF(G13="x", $V12/COUNTIF($C13:$U13,"x"), "") | H14: =IF(H13="x", $V12/COUNTIF($C13:$U13,"x"), "") | I14: =IF(I13="x", $V12/COUNTIF($C13:$U13,"x"), "") | J14: =IF(J13="x", $V12/COUNTIF($C13:$U13,"x"), "") | K14: =IF(K13="x", $V12/COUNTIF($C13:$U13,"x"), "") | L14: =IF(L13="x", $V12/COUNTIF($C13:$U13,"x"), "") | ... U14: =IF(U13="x", $V12/COUNTIF($C13:$U13,"x"), "")
B15: =Planilha!E22 -> 2 - LIMPEZA DE TERRENO | V15: =Planilha!I30 -> 0 | W15: =V15/$V$54 -> #DIV/0!
C17: =V15/2 -> 0 | D17: =C17 -> 0 | E17: =IF(E16="x", $V15/COUNTIF($C16:$U16,"x"), "") | F17: =IF(F16="x", $V15/COUNTIF($C16:$U16,"x"), "") | G17: =IF(G16="x", $V15/COUNTIF($C16:$U16,"x"), "") | H17: =IF(H16="x", $V15/COUNTIF($C16:$U16,"x"), "") | I17: =IF(I16="x", $V15/COUNTIF($C16:$U16,"x"), "") | J17: =IF(J16="x", $V15/COUNTIF($C16:$U16,"x"), "") | K17: =IF(K16="x", $V15/COUNTIF($C16:$U16,"x"), "") | L17: =IF(L16="x", $V15/COUNTIF($C16:$U16,"x"), "") | ... U17: =IF(U16="x", $V15/COUNTIF($C16:$U16,"x"), "")
B18: =Planilha!E31 -> 3 - MOVIMENTAÇÃO DE TERRA | V18: =Planilha!I35 -> 0 | W18: =V18/$V$54 -> #DIV/0!
C20: =V18/2 -> 0 | D20: =C20 -> 0
B21: =Planilha!E36 -> 4 - ESTRUTURAS | V21: =Planilha!I50 -> 0 | W21: =V21/$V$54 -> #DIV/0!
D23: =V21/4 -> 0 | E23: =D23 -> 0 | F23: =E23 -> 0 | G23: =F23 -> 0
B24: =Planilha!E51 -> 5 - INSTALAÇÕES HIDROSSANITÁRIAS | V24: =Planilha!I89 -> 0 | W24: =V24/$V$54 -> #DIV/0!
F26: =V24/4 -> 0 | G26: =F26 -> 0 | H26: =G26 -> 0 | I26: =H26 -> 0
B27: =Planilha!E90 -> 6 - ABRIGO DE GÁS E ABRIGO DE LIXO | V27: =Planilha!I95 -> 0 | W27: =V27/$V$54 -> #DIV/0!
M29: =N29 -> 0 | N29: =V27/2 -> 0
B30: =Planilha!E96 -> 7 - PROTEÇÃO CONTRA INCÊNDIO | V30: =Planilha!I100 -> 0 | W30: =V30/$V$54 -> #DIV/0!
N32: =V30 -> 0
B33: =Planilha!E101 -> 8 - INSTALAÇÕES ELÉTRICAS | V33: =Planilha!I138 -> 0 | W33: =V33/$V$54 -> #DIV/0!
F35: =V33/6 -> 0 | G35: =F35 -> 0 | H35: =G35 -> 0 | I35: =H35 -> 0 | J35: =I35 -> 0 | K35: =J35 -> 0
B36: =Planilha!E139 -> 9 - PAREDES, REVESTIMENTOS E FORROS | V36: =Planilha!I147 -> 0 | W36: =V36/$V$54 -> #DIV/0!
D38: =V36/7 -> 0 | E38: =D38 -> 0 | F38: =E38 -> 0 | G38: =F38 -> 0 | H38: =G38 -> 0 | I38: =H38 -> 0 | J38: =I38 -> 0
B39: =Planilha!E148 -> 10 - PISOS | V39: =Planilha!I158 -> 0 | W39: =V39/$V$54 -> #DIV/0!
J41: =V39/5 -> 0 | K41: =J41 -> 0 | L41: =K41 -> 0 | M41: =L41 -> 0 | N41: =M41 -> 0
B42: =Planilha!E159 -> 11 - PINTURA | V42: =Planilha!I165 -> 0 | W42: =V42/$V$54 -> #DIV/0!
K44: =V42/3 -> 0 | L44: =K44 -> 0 | M44: =L44 -> 0
B45: =Planilha!E166 -> 12 - COBERTURA | V45: =Planilha!I174 -> 0 | W45: =V45/$V$54 -> #DIV/0!
I47: =V45/4 -> 0 | J47: =I47 -> 0 | K47: =J47 -> 0 | L47: =K47 -> 0
B48: =Planilha!E175 -> 13 - ESQUADRIAS | V48: =Planilha!I192 -> 0 | W48: =V48/$V$54 -> #DIV/0!
K50: =V48/4 -> 0 | L50: =K50 -> 0 | M50: =L50 -> 0 | N50: =M50 -> 0
B51: =Planilha!E193 -> 14 - SERVIÇOS COMPLEMENTARES | V51: =Planilha!I201 -> 0 | W51: =V51/$V$54 -> #DIV/0!
C53: =IF(C52="x", $V51/COUNTIF($C52:$U52,"x"), "") | D53: =IF(D52="x", $V51/COUNTIF($C52:$U52,"x"), "") | E53: =IF(E52="x", $V51/COUNTIF($C52:$U52,"x"), "") | F53: =IF(F52="x", $V51/COUNTIF($C52:$U52,"x"), "") | G53: =IF(G52="x", $V51/COUNTIF($C52:$U52,"x"), "") | H53: =IF(H52="x", $V51/COUNTIF($C52:$U52,"x"), "") | I53: =IF(I52="x", $V51/COUNTIF($C52:$U52,"x"), "") | J53: =IF(J52="x", $V51/COUNTIF($C52:$U52,"x"), "") | ... L53: =IF(L52="x", $V51/COUNTIF($C52:$U52,"x"), "") | M53: =V51/2 -> 0 | N53: =M53 -> 0 | O53: =IF(O52="x", $V51/COUNTIF($C52:$U52,"x"), "") | P53: =IF(P52="x", $V51/COUNTIF($C52:$U52,"x"), "") | Q53: =IF(Q52="x", $V51/COUNTIF($C52:$U52,"x"), "") | R53: =IF(R52="x", $V51/COUNTIF($C52:$U52,"x"), "") | S53: =IF(S52="x", $V51/COUNTIF($C52:$U52,"x"), "") | T53: =IF(T52="x", $V51/COUNTIF($C52:$U52,"x"), "") | U53: =IF(U52="x", $V51/COUNTIF($C52:$U52,"x"), "")
B54: Total: | C54: =SUM(C13:C53) -> 0 | D54: =SUM(D11:D53) -> 2 | E54: =SUM(E11:E53) -> 3 | F54: =SUM(F12:F53) -> 0 | G54: =SUM(G12:G53) -> 0 | H54: =SUM(H12:H53) -> 0 | I54: =SUM(I12:I53) -> 0 | J54: =SUM(J12:J53) -> 0 | K54: =SUM(K12:K53) -> 0 | L54: =SUM(L12:L53) -> 0 | M54: =SUM(M12:M53) -> 0 | N54: =SUM(N12:N53) -> 0 | O54: =SUM(O12:O14) -> 0 | P54: =SUM(P12:P14) -> 0 | Q54: =SUM(Q12:Q14) -> 0 | R54: =SUM(R12:R14) -> 0 | S54: =SUM(S12:S14) -> 0 | T54: =SUM(T12:T14) -> 0 | U54: =SUM(U12:U14) -> 0 | V54: =SUM(V12:V53) -> 0 | W54: =SUM(W12:W53) -> #DIV/0!
B55: BDI (25,00%): | C55: =C54*0.25 -> 0 | D55: =D54*0.25 -> 0.5 | E55: =E54*0.25 -> 0.75 | F55: =F54*0.25 -> 0 | G55: =G54*0.25 -> 0 | H55: =H54*0.25 -> 0 | I55: =I54*0.25 -> 0 | J55: =J54*0.25 -> 0 | ... V55: =V54*0.25 -> 0
B56: TOTAL GERAL: | C56: =SUM(C54:C55) -> 0 | D56: =SUM(D54:D55) -> 2.5 | E56: =SUM(E54:E55) -> 3.75 | F56: =SUM(F54:F55) -> 0 | G56: =SUM(G54:G55) -> 0 | H56: =SUM(H54:H55) -> 0 | I56: =SUM(I54:I55) -> 0 | J56: =SUM(J54:J55) -> 0 | ... V56: =SUM(V54:V55) -> 0
V58: ____/____/____
C59: =Planilha!E209 -> 0
C60: =Planilha!E210 -> 0
C61: =Planilha!E211 -> 0

Sheet BDI
B5: DEMONSTRATIVO DE COMPOSIÇÃO DO BDI
B6: (acórdão 2622/2013-TCU-Plenário)
B8: =Planilha!E6 -> OBRA: CONSTRUÇÃO DE CRECHE MUNICIPAL MANOEL GOMES DOS SANTOS GASTÃO
B12: Itens | E12: Siglas | F12: % Adotado
B14: Administração Central | E14: AC | F14: 0.0485
B15: Seguro e Garantia | E15: SG | F15: 0.008
B16: Risco | E16: R | F16: 0.0127
B17: Despesas Financeiras | E17: DF | F17: 0.0059
B18: Lucro | E18: L | F18: 0.0617
B19: Tributos (impostos COFINS 3%, e PIS 0,65%) | E19: CP | F19: 0.0365
B20: Tributos (ISS, variável de acordo com o município) | E20: ISS | F20: 0.05
B21: Tributos (Contribuição Previdenciária sobre a Receita Bruta - 0% ou 4,5% - Desoneração) | E21: CPRB | F21: 0
B22: Taxa BDI (%) | F22: =(((1+F14+F15+F16)*(1+F17)*(1+F18))/(1-F19-F20))-1 -> 0.2499914
B25: Os valores de BDI foram calculados com o emprego da fórmula (acórdão 2622/2013-TCU-Plenário):
C27: BDI = | D27: ( 1+ AC + S + R + G ) x ( 1 + DF ) x ( 1 + L ) | E27: -1
D28: (1- CP - ISS)
B31: Declaremos sob pena de Lei que a alternativa adotada pela Prefeitura do Município de Ferraz de Vasconcelos é SEM Desoneração e que está é a mais vantajosa para a Administração Pública.
D36: =Cronograma!C59 -> 0
D37: =Cronograma!C60 -> 0
D38: =Cronograma!C61 -> 0
